 Dungeon Crawl Stone Soup version 0.30.0-19-g36f170ea60 (webtiles) character file.

Game seed: 17647580651253570271

745 JanusIIV the Skirmisher (level 7, -4/44 HPs)
             Began as a Deep Elf Hunter on May 28, 2023.
             Slain by Pikel
             ... wielding a +0 whip of electrocution
              (6 damage)
             ... on level 4 of the Dungeon.
             The game lasted 00:08:13 (3080 turns).

JanusIIV the Skirmisher (Deep Elf Hunter)           Turns: 3080, Time: 00:08:13

Health: -4/44      AC:  3    Str:  8    XL:     7   Next: 47%
Magic:  0/9        EV: 13    Int: 16    God:
Gold:   327        SH:  0    Dex: 26    Spells: 6/6 levels left

rFire   + . .        a - +0 shortbow
rCold   . . .        (shield currently unavailable)
rNeg    . . .        c - +0 leather armour
rPois   .            (no helmet)
rElec   .            (no cloak)
rCorr   .            (no gloves)
SInv    .            (no boots)
Will    .....        s - amulet of guardian spirit
Stlth   +++          v - ring "Morphosiag" {Drain rF+ Int+2 Dex+6 Stlth+}
HPRegen 0.27/turn    (no ring)
MPRegen 0.11/turn

%: guardian spirit
@: no status effects
A: no striking features
a: no special abilities


You were on level 4 of the Dungeon.
You visited 1 branch of the dungeon, and saw 4 of its levels.
You also visited: Sewer.

You collected 327 gold pieces.

Inventory:

Hand Weapons
 a - a +0 shortbow (weapon)
 q - a +3 heavy double sword
Missiles
 y - a throwing net
Armour
 c - a +0 leather armour (worn)
 z - a +0 cloak
Jewellery
 s - an amulet of guardian spirit (around neck)
 u - a ring of ice
 v - the ring "Morphosiag" (left hand) {Drain rF+ Int+2 Dex+6 Stlth+}
   (You found it on level 4 of the Dungeon)

   [ring of dexterity]

   Int:       It affects your intelligence (+2).
   Dex:       It affects your dexterity (+6).
   rF:        It protects you from fire.
   Drain:     It drains your maximum health when unequipped.
   Stlth:     It makes you more stealthy.
Wands
 h - a wand of iceblast (10)
 w - a wand of acid (4)
Scrolls
 b - a scroll of immolation
 d - a scroll of fear
 g - a scroll of poison {unknown}
 j - a scroll of summoning {unknown}
 k - a scroll of vulnerability {unknown}
 l - a scroll of magic mapping {unknown}
 o - a scroll of enchant armour {unknown}
 t - a scroll of teleportation {unknown}
Potions
 e - a potion of lignification
 f - a potion of might
 i - a potion of attraction
 m - a potion of brilliance
 n - a potion of flight {unknown}
 p - 2 potions of heal wounds
 r - a potion of resistance {unknown}
 x - 2 potions of mutation {unknown}


   Skills:
 - Level 5.0 Fighting
 + Level 9.6 Ranged Weapons
 - Level 2.4 Dodging
 - Level 1.2 Stealth


You had 6 spell levels left.
You didn't know any spells.
Your spell library contained the following spells:

 Spells                   Type           Power      Damage    Failure   Level
 Apportation              Tloc           0%         N/A       36%         1
 Magic Dart               Conj           0%         1d3       36%         1
 Necrotise                Necr           0%         1d4       36%         1
 Summon Small Mammal      Summ           0%         N/A       36%         1
 Searing Ray              Conj           0%         2d4       50%         2
 Gell's Gravitas          Tloc           0%         N/A       73%         3
 Teleport Other           Tloc           0%         N/A       73%         3
 Fulminant Prism          Conj/Hex       0%         3d5       98%         4
 Dispersal                Tloc           0%         N/A       100%        6


Dungeon Overview and Level Annotations

Branches:
Dungeon (4/15)              Sewer (visited)
 Temple: D:4-7

Altars:

Shops:
D:4 :

Annotations:
D:4 2 runed translucent doors, Pikel; Sabo's ghost, novice DsBe


Message History

You shoot an arrow.
The arrow hits Pikel but does no damage.
You shoot an arrow.
The arrow hits Pikel but does no damage.
You hear a shout!
A lemure comes into view.
You hear a shout!
You shoot an arrow. The lemure shouts!
The arrow hits Pikel!
Pikel is lightly wounded.
You shoot an arrow. The arrow hits Pikel!
Pikel is moderately wounded.
A lemure comes into view.
You shoot an arrow. The arrow closely misses Pikel.
You shoot an arrow. The arrow closely misses Pikel.
The arrow closely misses the lemure.
A lemure comes into view.
You shoot an arrow. The arrow closely misses Pikel.
The arrow closely misses the lemure.
The arrow hits the lemure.
The lemure is lightly wounded.
Pikel hits you with a +0 whip of electrocution.
Pikel attacks as you move away! Pikel barely misses you.
Pikel attacks as you move away! Pikel closely misses you.
You shoot an arrow. The arrow hits Pikel.
Pikel is heavily wounded.
Pikel hits you with a +0 whip of electrocution.
You are electrocuted!!
You are too injured to fight recklessly!
You are too injured to fight recklessly!
You shoot an arrow.
The arrow hits Pikel but does no damage.
Pikel is heavily wounded.
Pikel hits you with a +0 whip of electrocution!
You are electrocuted!
* * * LOW HITPOINT WARNING * * *
You shoot an arrow. The arrow barely misses Pikel.
The arrow hits the lemure.
The lemure is lightly wounded.
Pikel hits you with a +0 whip of electrocution!
You die...

#........## .#~.#.....
##.........## ## ~8.#...##
#...........# #.W .~+...##
##...........# ##..#§+.....
#...........# #..~.≈#..#..
##..........# #...#..#..
.#..........# #.##..
...........##############..#..
##........55K@..............#.
#...!......5##########...#....
#......###### #....#...
#....## #.#####.. ###.# ##.#
##. #. #..# ## . #..# # #..##
#...#


You could see Pikel and 3 lemures.

Vanquished Creatures
  An ogre (D:4)
  A centaur (D:4)
  2 bullfrogs (Sewer)
  2 scorpions
  A hound (D:3)
  An orc wizard (D:2)
  Natasha (thrice) (D:2)
  A gnoll (D:1)
  6 adders
  5 worms
  4 dart slugs
  10 orcs
  4 bats
  14 endoplasms
  14 giant cockroaches
  11 goblins
  7 hobgoblins
  11 quokkas
  8 ball pythons
  9 frilled lizards
  3 kobolds
  4 rats
122 creatures vanquished.

Notes
Turn   | Place    | Note
-------+----------+-------------------------------------------
     0 | D:1      | JanusIIV the Deep Elf Hunter began the quest for the Orb.
     0 | D:1      | Reached XP level 1. HP: 12/12 MP: 3/3
   258 | D:1      | Reached XP level 2. HP: 17/17 MP: 4/4
   284 | D:1      | Found a faded altar of an unknown god.
   440 | D:1      | Reached skill level 6 in Ranged Weapons
   512 | D:2      | Reached XP level 3. HP: 21/21 MP: 5/5
   567 | D:2      | Reached XP level 4. HP: 14/27 MP: 6/6
   967 | D:2      | Noticed Natasha
   973 | D:2      | Killed Natasha
   974 | D:2      | Reached skill level 7 in Ranged Weapons
  1043 | D:2      | Noticed Natasha
  1122 | D:2      | Killed Natasha
  1123 | D:2      | Reached XP level 5. HP: 25/32 MP: 7/7
  1256 | D:2      | Noticed Natasha
  1286 | D:2      | Killed Natasha
  1580 | D:3      | Reached XP level 6. HP: 30/38 MP: 8/8
  1690 | D:3      | Found a glowing drain.
  1707 | Sewer    | Entered a sewer
  1851 | Sewer    | Reached skill level 8 in Ranged Weapons
  1940 | Sewer    | HP: 2/57 [bullfrog (3)]
  2619 | D:4      | Identified the ring "Morphosiag" {Drain rF+ Int+2 Dex+6
                  | Stlth+}
  2707 | D:4      | Reached XP level 7. HP: 44/44 MP: 9/9
  2719 | D:4      | Reached skill level 9 in Ranged Weapons
  2733 | D:4      | Found a large runed translucent door.
  2737 | D:4      | Found a large runed translucent door.
  2737 | D:4      | Noticed Sabo's ghost (novice DsBe)
  2918 | D:4      | Reached skill level 5 in Fighting
  3014 | D:4      | Found Cabezit's Book Boutique.
  3065 | D:4      | Noticed Pikel
  3079 | D:4      | HP: 2/44 [Pikel/+0 whip of electrocution (14)]
  3080 | D:4      | Slain by Pikel

Illustrated notes

Levels and vault maps discovered:
D:1:      lightli_arrival_statue_moat, layout_basic,
          shapermc_ecumenical_altar_venn
D:2:      layout_basic, minmay_misc_feat_rugged, kennysheep_generic_room_7,
          uniq_natasha
D:3:      layout_rooms, gup_sewer_entry_bubbles, minmay_misc_feat_nine_boxes,
          minivault_25
D:4:      layout_cave_pods, serial_shops, nicolae_shop_real_fake_doors,
          ebering_ghost_disaster_area, uniq_robin, uniq_pikel

Skill      XL: |  1  2  3  4  5  6  7 |
---------------+----------------------+-----
Fighting       | 2 3 4 5 |  5.0
Ranged Weapons | 6 7 8 9 |  9.6
Dodging        | |  2.4
Stealth        | |  1.2

Action                     |  1- 3 |  4- 6 |  7- 9 || total
---------------------------+-------+-------+-------++-------
  Melee: Shortbow          |       |     7 |       ||     7
   Fire: Shortbow          |    52 |   270 |    37 ||   359
    Use: Scroll            |       |     5 |       ||     5
         Potion            |       |     2 |       ||     2
 Armour: Leather armour    |     4 |    23 |       ||    27
  Dodge: Dodged            |    15 |    72 |     6 ||    93
